 Dungeon Crawl Stone Soup version 0.29.0-4-gdea44cf6ec (webtiles) character file.

Game seed: 3342295859470086338

711 qw the Chopper (level 7, -7/40 HPs)
             Began as a Tengu Warper on Aug 29, 2022.
             Killed from afar by Maggie (13 damage)
             ... with a bolt of fire
             ... on level 6 of the Dungeon.
             The game lasted 00:00:31 (5473 turns).

qw the Chopper (Tengu Warper)                       Turns: 5473, Time: 00:00:32

Health: -7/40      AC: 12    Str: 18    XL:     7   Next: 68%
Magic:  11/11      EV:  5    Int: 20    God:
Gold:   345        SH: 11    Dex: 14    Spells: 10/10 levels left

rFire   + . .      SeeInvis .   n - +11 hand axe of Premature Burial {vorpal, Will+ Str+5 Int+7}
rCold   . . .      Faith    .   m - +2 kite shield
rNeg    . . .      Spirit   .   f - +0 plate armour
rPois   .          Reflect  .   (helmet restricted)
rElec   .          Harm     .   (no cloak)
rCorr   +          Rampage  .   c - +0 pair of gloves
Will    +....                   (boots unavailable)
Stlth   ..........              (no amulet)
HPRegen 0.13/turn               h - ring of protection from fire
MPRegen 0.12/turn               o - ring of resist corrosion

@: flying quickly and evasively, quick
A: beak, talons 3, nimble flight
a: no special abilities


You were on level 6 of the Dungeon.
You visited 1 branch of the dungeon, and saw 6 of its levels.
You also visited: Sewer.

You collected 345 gold pieces.


Innate Abilities, Weirdness & Mutations

You have a beak for a mouth.
You have claws for feet.
Your magical nature lets you fly swiftly and evasively.


   Skills:
 - Level 2.0 Fighting
 + Level 6.6 Axes
 - Level 1.0 Throwing
 - Level 3.7 Armour
 - Level 2.1 Dodging
 - Level 4.5 Shields
 - Level 2.0 Spellcasting
 - Level 2.4 Translocations


You had 10 spell levels left.
You didn't know any spells.
Your spell library contained the following spells:

 Spells                   Type           Power      Damage    Failure   Level
 Blink                    Tloc           22%        N/A       100%        2
 Gell's Gravitas          Tloc           11%        N/A       100%        3
 Lesser Beckoning         Tloc           11%        N/A       100%        3
 Teleport Other           Tloc           11%        N/A       100%        3
 Manifold Assault         Tloc           11%        N/A       100%        5

Inventory:

Hand Weapons
 j - a +0 whip
 n - the +11 hand axe of Premature Burial (weapon) {vorpal, Will+ Str+5 Int+7}
   (You found it on level 3 of the Dungeon)

   It inflicts extra damage upon your enemies.
   Str:       It affects your strength (+5).
   Int:       It affects your intelligence (+7).
   Will:      It increases your willpower.
Armour
 c - a +0 pair of gloves (worn)
 f - a +0 plate armour (worn)
 m - a +2 kite shield (worn)
Jewellery
 h - a ring of protection from fire (left hand)
 o - a ring of resist corrosion (right hand)
 p - a ring of positive energy
Scrolls
 i - a scroll of teleportation
 k - a scroll of enchant weapon
 l - a scroll of identify
Potions
 a - a potion of cancellation
 b - 2 potions of heal wounds
 d - 5 potions of haste
 e - a potion of mutation
 g - a potion of curing
 q - a potion of invisibility {unknown}
 r - a potion of might {unknown}

Dungeon Overview and Level Annotations

Branches:
Dungeon (6/15)              Sewer (visited)
 Temple: D:4-7

Altars:
Trog
Uskayaw

Annotations:
D:5 2 transporters, qw's ghost, amateur TeWr
D:6 3 runed translucent doors, Maggie; qw's ghost, novice TeWr


Message History

You barely miss Maggie. Your peck misses Maggie.
Maggie is moderately wounded.
Maggie mumbles the words to a spell, but in the wrong order.
You block Maggie's attack.
You hit Maggie.
Maggie is moderately wounded.
You block Maggie's attack.
You closely miss Maggie.
Maggie is moderately wounded.
Maggie hits you but does no damage.
You closely miss Maggie. You claw Maggie. You peck Maggie, but do no damage.
Maggie is moderately wounded.
Maggie hits you with a +0 long sword. Maggie hits you with a +0 long sword!
You hit Maggie but do no damage. You claw Maggie, but do no damage.
Maggie is moderately wounded.
Maggie casts a spell at you. The bolt of fire hits you! You resist.
You hit Maggie but do no damage. You claw Maggie.
Maggie is heavily wounded.
Maggie gestures at you while chanting. The bolt of fire hits you. You resist.
You hit Maggie but do no damage. Your kick misses Maggie.
Maggie is heavily wounded.
Maggie hits you but does no damage.
You hit Maggie but do no damage.
Maggie is heavily wounded.
Maggie mumbles some strange words.
Maggie attempts to bespell you! You resist with some effort.
You slash Maggie!
Maggie is heavily wounded.
You block Maggie's attack.
You slash Maggie!
Maggie is severely wounded.
Maggie hits you with a +0 long sword.
You barely miss Maggie.
Maggie is severely wounded.
Maggie hits you with a +0 long sword. Maggie gestures at you while chanting.
The bolt of fire hits you! You resist.
You die...

.........#.#....#..#
###.##.#.#.##@###..#
#.##.#.#.#... ..#
#.##.#.#.#..###.###
#.##.#.#.#..#.....#
#.##.#.#.#..#.....#
###.##.#.#
#..#....##
.......#.#
#..#.@...#
########.#.#....@..#
........)#.#..##.#.#
###..#####.#.....# #
#..#...#.#..#..#
#......#.#..#..#
##.#.###.#.....#
###.#.# #.#..#.##
#.....###.##.#.#
#............#.#


You could see Maggie.

Vanquished Creatures
  Menkaure (D:5)
  An ice beast (D:5)
  2 kobold brigands (Sewer)
  A howler monkey (D:4)
  2 hounds (D:5)
  3 iguanas
  6 adders
  A river rat (D:4)
  A shadow imp (D:5)
  A worm (D:2)
  2 dart slugs (D:4)
  5 orcs (D:3)
  13 bats
  5 endoplasms
  5 giant cockroaches
  4 goblins
  11 hobgoblins
  4 jackals (D:1)
  2 quokkas (D:2)
  10 ball pythons
  6 frilled lizards
  18 kobolds
  6 rats
110 creatures vanquished.

Vanquished Creatures (others)
  2 fungi (Sewer)
  2 plants (Sewer)
4 creatures vanquished.

Grand Total: 114 creatures vanquished

Notes
Turn   | Place    | Note
-------+----------+-------------------------------------------
     0 | D:1      | qw the Tengu Warper began the quest for the Orb.
     0 | D:1      | Reached XP level 1. HP: 12/12 MP: 4/4
     0 | D:1      | 0 ||| qw: Version: 0.1-a-89-g26bdef1
     0 | D:1      | 0 ||| qw: Game counter: 3631
     0 | D:1      | 0 ||| qw: Always use a shield: true
     0 | D:1      | 0 ||| qw: God list: Okawaru
     0 | D:1      | 0 ||| qw: Allow faded altars: false
     0 | D:1      | 0 ||| qw: Do Orc after D:15 true
     0 | D:1      | 0 ||| qw: Do second Lair branch before Depths: true
     0 | D:1      | 0 ||| qw: Lair rune preference: random
     0 | D:1      | 0 ||| qw: Plans: Normal
     0 | D:1      | 0 ||| PLANNING D:1-11
    73 | D:1      | 73 ||| Stepping ~*~*~tactically~*~*~ (stealth).
    86 | D:1      | Reached skill level 3 in Axes
    86 | D:1      | Reached XP level 2. HP: 17/17 MP: 6/6
   237 | D:1      | 237 ||| Stepping ~*~*~tactically~*~*~ (stealth).
   239 | D:1      | 239 ||| Stepping ~*~*~tactically~*~*~ (stealth).
   258 | D:1      | 258 ||| Stepping ~*~*~tactically~*~*~ (stealth).
   320 | D:1      | Reached XP level 3. HP: 12/21 MP: 7/7
   623 | D:1      | Reached skill level 4 in Axes
   746 | D:1      | 746 ||| UPGRADING to +0 plate armour.
   756 | D:1      | 756 ||| DROPPING +0 leather armour.
   757 | D:1      | 757 ||| UPGRADING to ring of protection from fire.
   758 | D:1      | 758 ||| READING scroll labelled SYNLIL LOKHUF.
   759 | D:1      | 759 ||| READING 2 scrolls labelled LOPHIN TOBBYT KIPH.
   762 | D:1      | 762 ||| READING 3 scrolls labelled BIUTTU JUSS.
   763 | D:1      | 763 ||| READING 3 scrolls labelled TUM PICHUCY.
   764 | D:1      | 764 ||| READING 2 scrolls of identify.
   764 | D:1      | 764 ||| IDENTIFYING fuming puce potion
   765 | D:1      | 765 ||| DROPPING scroll of blinking.
   766 | D:1      | 766 ||| DROPPING 2 scrolls of magic mapping.
   921 | D:2      | 921 ||| Stepping ~*~*~tactically~*~*~ (stealth).
   949 | D:2      | 949 ||| DROPPING +0 club.
  1409 | D:2      | Reached XP level 4. HP: 26/26 MP: 8/8
  1796 | D:2      | 1796 ||| UPGRADING to +2 kite shield.
  1801 | D:2      | 1801 ||| UPGRADING to ring of positive energy.
  1802 | D:2      | 1802 ||| DRINKING 2 clear potions.
  1903 | D:2      | 1903 ||| DRINKING 2 fuming yellow potions.
  1904 | D:2      | 1904 ||| DRINKING 2 metallic sapphire potions.
  1942 | D:2      | 1942 ||| READING 3 scrolls of identify.
  1942 | D:2      | 1942 ||| IDENTIFYING smoky pink potion
  1943 | D:2      | 1943 ||| READING 2 scrolls of identify.
  1943 | D:2      | 1943 ||| IDENTIFYING purple potion
  1944 | D:2      | 1944 ||| DROPPING potion of ambrosia.
  1945 | D:2      | 1945 ||| DROPPING potion of lignification.
  1946 | D:2      | 1946 ||| DROPPING potion of degeneration.
  2061 | D:3      | Found a hide-covered altar of Uskayaw.
  2062 | D:3      | 2062 ||| Stepping ~*~*~tactically~*~*~ (stealth).
  2063 | D:3      | 2063 ||| Stepping ~*~*~tactically~*~*~ (stealth).
  2165 | D:3      | 2165 ||| Stepping ~*~*~tactically~*~*~ (stealth).
  2175 | D:3      | 2175 ||| Stepping ~*~*~tactically~*~*~ (stealth).
  2176 | D:3      | 2176 ||| Stepping ~*~*~tactically~*~*~ (stealth).
  2177 | D:3      | 2177 ||| Stepping ~*~*~tactically~*~*~ (stealth).
  2281 | D:3      | 2281 ||| Stepping ~*~*~tactically~*~*~ (hiding).
  2502 | D:3      | Reached skill level 1 in Shields
  2534 | D:3      | Identified the +11 hand axe of Premature Burial {vorpal,
                  | Will+ Str+5 Int+7}
  2567 | D:3      | 2567 ||| SWAPPING to +11 hand axe of Premature Burial
                  | {vorpal, Will+ Str+5 Int+7}.
  2568 | D:3      | 2568 ||| DROPPING +0 hand axe.
  2648 | D:3      | 2648 ||| Stepping ~*~*~tactically~*~*~ (hiding).
  2853 | D:3      | 2853 ||| READING 2 scrolls labelled YRCHOOG WUICUE.
  2854 | D:3      | 2854 ||| READING 2 scrolls labelled AGGEMA RUSKES.
  2855 | D:3      | 2855 ||| READING scroll labelled XUXKIN XOHEEDE.
  2856 | D:3      | 2856 ||| DROPPING scroll of immolation.
  2857 | D:3      | 2857 ||| READING 2 scrolls of teleportation.
  2894 | D:4      | 2894 ||| PLANNING SEWER
  3004 | D:4      | Gained mutation: Your magical nature lets you fly swiftly
                  | and evasively. [Tengu growth]
  3004 | D:4      | Reached XP level 5. HP: 30/30 MP: 9/9
  3008 | D:4      | 3008 ||| Stepping ~*~*~tactically~*~*~ (hiding).
  3029 | D:4      | 3029 ||| Stepping ~*~*~tactically~*~*~ (stealth).
  3069 | D:4      | Reached skill level 3 in Shields
  3071 | D:4      | 3071 ||| FLEEEEING.
  3072 | D:4      | 3072 ||| FLEEEEING.
  3435 | D:4      | Found a glowing drain.
  3436 | D:4      | 3436 ||| UPGRADING to +0 pair of gloves.
  3441 | D:4      | 3441 ||| UPGRADING to ring of resist corrosion.
  3443 | D:4      | 3443 ||| DRINKING 2 glowing grey potions.
  3444 | D:4      | 3444 ||| DROPPING potion of attraction.
  3455 | Sewer    | Entered a sewer
  3512 | Sewer    | Noticed a kobold brigand
  3517 | Sewer    | Killed a kobold brigand
  3518 | Sewer    | Reached skill level 5 in Axes
  3518 | Sewer    | Reached XP level 6. HP: 32/35 MP: 10/10
  3666 | Sewer    | Reached skill level 6 in Axes
  3931 | Sewer    | 3931 ||| READING 3 scrolls of identify.
  3931 | Sewer    | 3931 ||| IDENTIFYING fizzy pink potion
  3932 | Sewer    | 3932 ||| READING 2 scrolls of identify.
  3932 | Sewer    | 3932 ||| IDENTIFYING fizzy orange potion
  3936 | D:4      | 3936 ||| PLANNING D:1-11
  4030 | D:4      | Found a bloodstained altar of Trog.
  4103 | D:4      | 4103 ||| READING 2 scrolls of identify.
  4103 | D:4      | 4103 ||| IDENTIFYING lumpy silvery potion
  4104 | D:4      | 4104 ||| DROPPING potion of brilliance.
  4114 | D:5      | Entered Level 5 of the Dungeon
  4257 | D:5      | Noticed Menkaure
  4258 | D:5      | 4258 ||| Stepping ~*~*~tactically~*~*~ (hiding).
  4260 | D:5      | 4260 ||| Stepping ~*~*~tactically~*~*~ (hiding).
  4269 | D:5      | Killed Menkaure
  4270 | D:5      | Reached XP level 7. HP: 20/40 MP: 11/11
  4421 | D:5      | Found a transporter.
  4424 | D:5      | Found a transporter.
  4450 | D:5      | 4450 ||| Stepping ~*~*~tactically~*~*~ (hiding).
  4793 | D:5      | Reached skill level 3 in Armour
  5146 | D:5      | Noticed qw's ghost (amateur TeWr)
  5278 | D:5      | 5278 ||| READING scroll labelled PITAMU GYOXUE.
  5279 | D:5      | 5279 ||| READING scroll labelled UJALOSIE MACI.
  5300 | D:6      | 5300 ||| PLANNING OSSUARY
  5309 | D:6      | Noticed Maggie
  5310 | D:6      | 5310 ||| Stepping ~*~*~tactically~*~*~ (hiding).
  5318 | D:6      | HP: 8/40 [Maggie/bolt of fire (8)]
  5319 | D:6      | 5319 ||| READING 2 scrolls of teleportation.
  5320 | D:6      | 5320 ||| DRINKING 3 potions of heal wounds.
  5434 | D:6      | Found a runed translucent gate.
  5434 | D:6      | Found a runed translucent gate.
  5434 | D:6      | Found a runed translucent gate.
  5440 | D:6      | Noticed qw's ghost (novice TeWr)
  5473 | D:6      | HP: 6/40 [Maggie/+0 long sword (6)]
  5473 | D:6      | Killed from afar by Maggie

Levels and vault maps discovered:
D:1:      minmay_arrival_nine_rooms, layout_rooms, minmay_distorted
D:2:      layout_basic, minmay_misc_feat_nine_boxes
D:3:      layout_basic, lemuel_tele_altar, minivault_26,
          roderic_serpentine_path, nrook_mini_vaults
D:4:      layout_basic, mainiacjoe_overflow_alcove_4, portal_sewer_entry_b
D:5:      layout_cave_pods, gammafunk_ghost_hive,
          chequers_serial_rivers_micro_c, uniq_menkaure
D:6:      layout_basic, grunt_temple_overflow_open, gammafunk_ghost_necromancy,
          nicolae_ossuary_entry_giza, corexii_shack, hangedman_decor_opposing,
          uniq_maggie, uniq_crazy_yiuf_cottage, uniq_blork_the_orc

Skill      XL: |  1  2  3  4  5  6  7 |
---------------+----------------------+-----
Axes           | 3 4 5 6 |  6.6
Armour         | 2 3 |  3.7
Shields        | 2 3 4 |  4.5
Fighting       | |  2.0
Throwing       | |  1.0
Dodging        | |  2.1
Spellcasting   | |  2.0
Translocations | |  2.4

Action                   |  1- 3 |  4- 6 |  7- 9 || total
-------------------------+-------+-------+-------++-------
Melee: Hand axe          |    84 |   110 |    39 ||   233
       Peck              |     6 |    10 |     7 ||    23
       Kick              |    15 |    12 |    12 ||    39
Throw: Boomerang         |     7 |       |       ||     7
  Use: Scroll            |     5 |     9 |     3 ||    17
       Potion            |       |     4 |     1 ||     5
Armor: Leather armour    |    18 |       |       ||    18
       Plate armour      |    11 |    55 |     5 ||    71
Dodge: Dodged            |    37 |     8 |     1 ||    46
Block: Kite shield       |       |    42 |    19 ||    61

Table legend:
 A = Non-vault XP
 B = Vault XP
 C = Vault XP percentage of total XP
 D = Non-vault monster count
 E = Vault monster count
 F = Vault count percentage of total count
                 A         B        C        D         E       F
            +---------+---------+-------+---------+---------+-------
      Total |     598 |     419 |  41.2 |      78 |      32 |  29.1
            +---------+---------+-------+---------+---------+-------
        D:1 |      43 |       5 |  10.4 |      25 |       3 |  10.7
        D:2 |      40 |       0 |   0.0 |      14 |       0 |   0.0
        D:3 |      52 |       0 |   0.0 |      20 |       0 |   0.0
        D:4 |     137 |      18 |  11.6 |      11 |       5 |  31.2
        D:5 |     289 |     169 |  36.9 |       7 |       1 |  12.5
        D:6 |      37 |       0 |   0.0 |       1 |       0 |   0.0
      Sewer |       0 |     227 | 100.0 |       0 |      23 | 100.0
            +---------+---------+-------+---------+---------+-------
